Map: Alcyone LE

Players

Dark - Winner!

  • Race: Zerg Zerg
  • Spawn Location: 7:00

MaxPax

  • Race: Protoss Protoss
  • League: Master
  • Spawn Location: 1:00

VOD

Have the link to the VOD?

Description

Time

  • Played on: Nov. 28, 2023, 7:17 a.m.
  • Length: 11:21
Show
View Real Time Build Order
Export as new Build Order

Dark Zerg - Winner!

Build Orders: Hatch First 

Get SALT Encoding   

  12  0:00  Drone  
  13  0:12  Overlord  
  13  0:17  Drone  
  14  0:31  Drone x2  
  16  0:53  Hatchery  
  16  0:54  Drone  
  17  0:57  Drone  
  17  1:01  Drone  
  18  1:11  Extractor  
  18  1:17  Spawning Pool  
  16  1:20  Drone  
  16  1:25  Drone  
  18  1:29  Drone  
  19  1:42  Drone  
  20  2:05  Zergling x2, Queen  
  23  2:12  Metabolic Boost  
  23  2:21  Zergling x2  
  24  2:25  Hatchery  
  24  2:28  Zergling x2  
  24  2:36  Roach Warren  
  23  2:38  Zergling x2  
  24  2:50  Overlord  
  24  3:03  Overlord  
  24  3:14  Zergling x2  
  24  3:15  Drone x2  
  24  3:16  Drone  
  28  3:29  Drone  
  29  3:44  Drone  
  29  3:45  Drone  
  29  3:48  Hatchery  
  30  3:54  Roach x2  
  34  3:59  Roach  
  36  4:07  Roach  
  38  4:11  Overlord  
  38  4:12  Drone  
  39  4:18  Queen  
  39  4:22  Drone  
  42  4:28  Zergling x2  
  43  4:34  Drone x2  
  43  4:37  Queen  
  47  4:43  Overlord  
  47  4:45  Zergling x2  
  48  4:46  Ravager x3  
  48  4:52  Overlord  
  51  4:53  Overlord  
  51  4:54  Zergling x2  
  51  4:55  Overlord  
  51  4:56  Overlord  
  52  5:00  Zergling x2  
  52  5:03  Zergling x2  
  52  5:07  Zergling x2  
  55  5:11  Zergling x2  
  55  5:13  Zergling x2  
  57  5:16  Zergling x2, Ravager  
  59  5:23  Zergling x4  
  59  5:31  Zergling x2  
  59  5:32  Zergling x6  
  59  5:33  Zergling x2  
  58  5:38  Zergling x4  
  57  5:46  Roach x2  
  60  5:51  Zergling x8  
  60  5:56  Zergling x2  
  64  6:00  Extractor  
  64  6:04  Extractor, Roach  
  64  6:05  Roach x4  
  70  6:13  Zergling x10  
  70  6:14  Zergling x2  
  70  6:18  Drone x3, Hatchery  
  78  6:22  Drone  
  79  6:27  Overlord  
  79  6:31  Ravager  
  80  6:33  Spore Crawler  
  80  6:36  Zergling x4  
  81  6:42  Zergling x8  
  85  6:48  Zergling x6  
  85  6:50  Ravager  
  87  7:03  Ravager  
  87  7:06  Zergling x18  
  94  7:11  Ravager  
  89  7:22  Spore Crawler  
  89  7:23  Drone x2  
  89  7:26  Overlord  
  87  7:30  Overlord  
  87  7:34  Drone  
  87  7:35  Drone x4  
  87  7:36  Ravager  
  93  7:39  Drone, Spore Crawler  
  93  7:40  Drone  
  93  7:42  Drone  
  95  7:47  Zergling x4  
  81  8:08  Zergling x20  
  78  8:15  Zergling x10  
  78  8:19  Zergling x6  
  78  8:24  Ravager  
  72  8:27  Drone  
  72  8:28  Drone x2  
  72  8:31  Roach x2  
  75  8:35  Lair  
  75  8:39  Roach  
  75  8:40  Drone  
  78  8:44  Roach  
  77  9:01  Roach x8  
  92  9:03  Roach  
  90  9:11  Drone  
  90  9:12  Drone x4  
  90  9:15  Roach x2  
  96  9:19  Drone  
  96  9:20  Drone, Spore Crawler  
  95  9:26  Zergling x4  
  95  9:27  Zergling x4  
  98  9:34  Glial Reconstitution  
  98  9:37  Overseer  
  98  9:41  Zergling x14  
  104  9:49  Zergling x2  
  104  9:50  Zergling x8  
  109  9:55  Roach x3  
  115  10:02  Roach x2  
  115  10:04  Overlord  
  115  10:07  Overlord  
  119  10:09  Zergling x2  
  119  10:11  Overlord  
  120  10:17  Overlord  
  115  10:29  Overseer  
  108  10:37  Roach x8  
  124  10:46  Zergling x24  
  124  10:47  Drone  
  124  10:48  Drone  
  134  10:53  Zergling x4  
  134  10:57  Roach x2  
Show
View Real Time Build Order
Export as new Build Order

MaxPax Protoss 

Build Orders:  

Get SALT Encoding   

  12  0:00  Probe  
  13  0:12  Probe  
  14  0:20  Pylon  
  14  0:24  Probe  
  15  0:38  Probe (Chrono Boost)  
  15  0:40  Gateway  
  16  0:47  Probe (Chrono Boost)  
  16  0:49  Assimilator  
  17  0:53  Probe  
  18  1:05  Probe  
  19  1:17  Probe  
  20  1:27  Cybernetics Core  
  20  1:28  Zealot (Chrono Boost)  
  20  1:32  Pylon  
  22  1:48  Zealot (Chrono Boost)  
  24  1:56  Nexus  
  25  2:07  Warp Gate (Chrono Boost)  
  25  2:10  Stalker (Chrono Boost)  
  25  2:13  Shield Battery  
  25  2:15  Probe  
  27  2:25  Pylon  
  27  2:27  Probe  
  28  2:34  Pylon  
  28  2:38  Stalker  
  30  2:47  Gateway  
  30  2:50  Probe  
  31  3:02  Probe  
  31  3:05  Gateway  
  32  3:10  Probe  
  33  3:14  Stalker, Probe  
  36  3:21  Shield Battery  
  36  3:23  Probe  
  36  3:26  Probe  
  37  3:35  Probe  
  37  3:37  Assimilator  
  37  3:38  Probe  
  37  3:40  Pylon  
  39  3:47  Probe  
  40  3:49  Stalker  
  40  3:51  Probe  
  43  3:56  Stalker  
  43  3:59  Probe  
  46  4:03  Probe  
  46  4:07  Robotics Facility  
  46  4:11  Probe  
  46  4:15  Probe  
  48  4:21  Pylon  
  48  4:23  Probe  
  49  4:27  Probe  
  50  4:35  Probe  
  51  4:42  Stalker x3  
  51  4:43  Gateway  
  57  4:46  Probe  
  58  4:55  Warp Prism (Chrono Boost)  
  59  5:09  Adept x3  
  65  5:15  Probe  
  65  5:16  Pylon  
  67  5:21  Observer (Chrono Boost)  
  67  5:24  Gateway  
  67  5:25  Pylon  
  67  5:26  Gateway  
  55  5:43  Adept x4  
  62  5:57  Probe x2  
  62  6:00  Twilight Council  
  63  6:06  Adept x3  
  69  6:15  Adept, Probe  
  69  6:18  Assimilator  
  72  6:24  Probe  
  73  6:26  Pylon  
  73  6:30  Charge (Chrono Boost)  
  73  6:33  Probe  
  73  6:36  Probe  
  73  6:37  Assimilator  
  73  6:39  Zealot x2  
  79  6:40  Zealot x3  
  79  6:43  Pylon  
  79  6:45  Probe  
  86  6:59  Stalker x3, Shield Battery  
  86  7:00  Zealot  
  94  7:07  Probe  
  92  7:11  Zealot x2  
  92  7:14  Dark Shrine  
  96  7:24  Zealot x3  
  98  7:33  Cybernetics Core  
  98  7:37  Zealot x2  
  102  7:47  Pylon x2  
  102  8:05  Zealot x4  
  82  8:15  Immortal (Chrono Boost)  
  64  8:27  Gateway, Dark Templar x3  
  61  8:30  Gateway  
  61  8:37  Zealot  
  61  8:38  Probe x2  
  65  8:45  Nexus  
  61  9:00  Zealot x4  
  62  9:11  Immortal (Chrono Boost)  
  62  9:24  Templar Archives  
  62  9:28  Archon  
  62  9:29  Sentry  
  62  9:30  Zealot  
  65  9:42  Immortal (Chrono Boost)  
  69  9:54  Zealot  
  71  10:02  High Templar  
  71  10:03  High Templar x3  
  71  10:06  Archon  
  71  10:07  Gateway, Archon  
  79  10:12  Probe x2  
  79  10:13  Immortal (Chrono Boost)  
  83  10:29  Zealot  
  83  10:35  Zealot, Dark Templar  
  78  10:38  Zealot  
  78  10:39  Zealot  
  76  10:54  Zealot  
  76  10:56  Zealot  
  68  10:59  Probe  
Tags
 
League
Master
Matchup
PvZ
Replay Pack
December 2023
Spawn Locations
Cross Positions
Add a new tag
Caveats
  • Supply blocks, unpowered buildings, or Contaminate may cause inaccurate times.
  • Supply counts are checked every 10 seconds.